 Dungeon Crawl Stone Soup version 0.20-a0-656-g9b0dcd9 (webtiles) character file.

228 EternalSandwich the Ruffian (level 5, -8/50 HPs)
             Began as a Troll Monk on Feb 17, 2017.
             Mangled by Prince Ribbit (14 damage)
             ... on level 4 of the Dungeon.
             The game lasted 00:06:35 (2104 turns).

EternalSandwich the Ruffian (Troll Monk)            Turns: 2104, Time: 00:06:36

Health: -8/50      AC:  7    Str: 20    XL:     5   Next: 71%
Magic:  4/4        EV: 10    Int:  6    God:
Gold:   195        SH:  0    Dex: 12    Spells: 4/4 levels left

rFire    . . .     SeeInvis .     - Unarmed
rCold    . . .     Gourm    +   a - +0 robe
rNeg     . . .     Faith    .   (no shield)
rPois    +         Spirit   .   (helmet restricted)
rElec    .         Reflect  .   (no cloak)
rCorr    .         Harm     .   (gloves unavailable)
MR       .....                  (boots unavailable)
Stlth    ++........             (no amulet)
Regen    0.6/turn               r - ring of poison resistance
MPRegen  0.1/turn               y - +2 ring of protection

@: no status effects
A: unfitting armour, claws 3, fast metabolism 3, gourmand, regeneration 1,
shaggy fur 1, tough skin 2
a: no special abilities


You were on level 4 of the Dungeon.
You were not hungry.

You visited 1 branch of the dungeon, and saw 5 of its levels.

You collected 195 gold pieces.

Inventory:

Missiles
 s - 3 javelins of penetration (quivered)
Armour
 a - a +0 robe (worn)
Jewellery
 d - an uncursed ring of fire
 r - a ring of poison resistance (right claw)
 y - a +2 ring of protection (left claw)
 A - an uncursed ring of resist corrosion
Scrolls
 e - 6 scrolls of identify {unknown}
 f - 5 scrolls of remove curse {unknown}
 g - 2 scrolls of teleportation {unknown}
 h - 2 scrolls of recharging {unknown}
 j - 3 scrolls of immolation {unknown}
 l - 2 scrolls of fear {unknown}
 m - 2 scrolls of magic mapping {unknown}
 t - 3 scrolls of enchant armour {unknown}
 u - 2 scrolls of amnesia {unknown}
 v - a scroll of blinking {unknown}
 x - a scroll of enchant weapon {unknown}
Potions
 c - 4 potions of brilliance {unknown}
 i - 4 potions of curing {unknown}
 k - a potion of heal wounds {unknown}
 n - a potion of agility {unknown}
 o - 2 potions of cancellation {unknown}
 p - a potion of ambrosia {unknown}
 q - a potion of resistance {unknown}
Comestibles
 b - 3 bread rations
 w - a royal jelly
 z - a meat ration


   Skills:
 - Level 2.4 Fighting
 - Level 2.4 Dodging
 - Level 1.0 Stealth
 + Level 6.5 Unarmed Combat


You had 4 spell levels left.
You didn't know any spells.

Dungeon Overview and Level Annotations

Branches:
Dungeon (5/15)
 Temple: D:4-7

Altars:
Nemelex Xobeh
Okawaru

Shops:
D:4 ?

Annotations:
D:4 Prince Ribbit
D:5 Pikel


Innate Abilities, Weirdness & Mutations

You are too large for most types of armour.
You have claws for hands.
Your metabolism is lightning-fast.
You like to eat raw meat.
Your natural rate of healing is unusually fast.
You are covered in fur. (AC +1)
You have very tough skin. (AC +2)


Message History

The slave hits you but does no damage.
You barely miss the slave.
The slave is moderately wounded.
Prince Ribbit blinks!
The slave closely misses you.
You barely miss the slave. Your claw misses the slave.
The slave is moderately wounded.
The slave hits you.
Prince Ribbit blinks!
You scratch the slave.
The slave is heavily wounded.
The slave barely misses you.
You miss Prince Ribbit. Prince Ribbit hits you!
* * * LOW HITPOINT WARNING * * *
You claw the slave!
The slave is almost dead.
The slave barely misses you. Prince Ribbit hits you.
* * * LOW HITPOINT WARNING * * *
You barely miss the slave.
The slave is almost dead.
Prince Ribbit hits you!
You die...

# #.# #....# #....#...# # #.#
#....####....#...##### ###.#
#............<......#. ..#.#
######.###............ #.#.#
#..............#.
###.#########
#######.........)
≈.#.........# #.#...#####
≈##########.########
#.#...##### ≈.#
###........p@F.# #.###.<....
≈## #.....#.######.# #.#
#.####.
≈.###.###...######.####.###.#
#. ≈##..##
##...............##.# #.
###..# #...#####.####[###.#
#. # ##.## ##.........# ###
#.# #. ###...###...#.###..#
#.# #. .##........###.##..#
#.# #. .##..#......#..##..#
######.# #.


You could see Prince Ribbit and a slave.

Vanquished Creatures
  A bullfrog skeleton (D:4)
  An orc wizard (D:4)
  2 worker ants (D:4)
  A gnoll (D:4)
  Robin (D:2)
  2 adders
  2 worms
  6 orcs (D:4)
  4 giant cockroaches
  17 goblins
  7 hobgoblins
  2 jackals (D:1)
  10 kobolds
  A quokka (D:2)
  A ball python (D:3)
  5 bats
  12 frilled lizards
  7 rats
82 creatures vanquished.

Notes
Turn   | Place    | Note
-------+----------+-------------------------------------------
     0 | D:1      | EternalSandwich the Troll Monk began the quest for the Orb.
     0 | D:1      | Reached XP level 1. HP: 22/22 MP: 0/0
    69 | D:1      | Reached XP level 2. HP: 29/29 MP: 1/1
   289 | D:1      | Reached skill level 4 in Unarmed Combat
   512 | D:2      | Reached XP level 3. HP: 36/36 MP: 2/2
   539 | D:2      | Noticed Robin
   563 | D:2      | Killed Robin
   795 | D:2      | Reached XP level 4. HP: 44/44 MP: 3/3
   925 | D:3      | Reached skill level 5 in Unarmed Combat
   980 | D:3      | Found a sparkling altar of Nemelex Xobeh.
  1399 | D:4      | Found Agrob's Magic Scroll Shoppe.
  1439 | D:4      | Found an iron altar of Okawaru.
  1597 | D:4      | Reached XP level 5. HP: 49/50 MP: 4/4
  1708 | D:4      | Reached skill level 6 in Unarmed Combat
  2082 | D:5      | Entered Level 5 of the Dungeon
  2082 | D:5      | Noticed a slave
  2082 | D:5      | Noticed Prince Ribbit
  2086 | D:5      | Noticed Pikel
  2086 | D:5      | Noticed a slave
  2086 | D:5      | Noticed a slave
  2087 | D:5      | Noticed a slave
  2104 | D:4      | Mangled by Prince Ribbit

Vault maps used:
D:1:      minmay_arrival_arboretum_small
D:2:      uniq_robin
D:3:      first_bread, nemelex_xobeh_ov_fountains_minmay
D:4:      serial_shops, shop, minivault_24, okawaru_altar_gauntlet_db
D:5:      led_xom_imps, marbit_many_paths, nicolae_overflow_crystal_walls,
          uniq_eustachio, uniq_pikel, uniq_prince_ribbit1, uniq_duvessa

Skill      XL: |  1  2  3  4  5 |
---------------+----------------+-----
Unarmed Combat | 4 5 6 |  6.5
Fighting       | |  2.4
Dodging        | |  2.4
Stealth        | |  1.0

Action                   |  1- 3 |  4- 6 || total
-------------------------+-------+-------++-------
Melee: Unarmed           |   117 |   109 ||   226
       Punch             |       |     2 ||     2
 Stab: Sleeping          |     3 |     3 ||     6
  Eat: Chunk             |    12 |     8 ||    20
Armor: Robe              |    40 |    26 ||    66
Dodge: Dodged            |    63 |    74 ||   137
